3A
HOGSMEADE CAULDRONS @ NIAGARA FALLS EXPOS
06/09/2020
 
TOP OF THE 1ST
Hogsmeade Cauldrons batting - Pitching for Niagara Falls Expos : RHP Roberto Cantú
Pitching: RHP Roberto Cantú
Batting: RHB Jay Parker 0-0: Called Strike
0-1: Ball
1-1: Foul Ball, location: 2F
1-2: Foul Ball, location: 2F
1-2: Ball
2-2: Foul Ball, location: 2F
2-2: Ball
3-2: Strikes out swinging
Batting: RHB Miguel Torres 0-0: Called Strike
0-1: Ball
1-1: Called Strike
1-2: Strikes out swinging
Batting: RHB Raúl Reyna 0-0: Ground out 5-3 (Groundball, 56)
Top of the 1st over - 0 run(s), 0 hit(s), 0 error(s), 0 left on base; Hogsmeade 0 - Niagara Falls 0
BOTTOM OF THE 1ST
Niagara Falls Expos batting - Pitching for Hogsmeade Cauldrons : LHP Cyrille Bertoletti
Pitching: LHP Cyrille Bertoletti
Batting: RHB Brent Ryan 0-0: Bunt missed!
0-1: Ball
1-1: Ball
2-1: Ball
3-1: Called Strike
3-2: Fly out, F8 (Line Drive, 8LD)
Batting: RHB Fred Meyer 0-0: Called Strike
0-1: Fly out, F4 (Popup, 3L)
Batting: SHB Arturo Robles 0-0: Called Strike
0-1: Ground out 5-3 (Groundball, 5S)
Bottom of the 1st over - 0 run(s), 0 hit(s), 0 error(s), 0 left on base; Hogsmeade 0 - Niagara Falls 0
TOP OF THE 2ND
Hogsmeade Cauldrons batting - Pitching for Niagara Falls Expos : RHP Roberto Cantú
Batting: SHB Emílio Gonzáles 0-0: Foul Ball, location: 2F
0-1: Ball
1-1: Swinging Strike
1-2: Ball
2-2: Foul Ball, location: 2F
2-2: Ball
3-2: Foul Ball, location: 2F
3-2: Foul Ball, location: 2F
3-2: Base on Balls
Batting: RHB Héctor Cantú 0-0: Foul Ball, location: 2F
0-1: Swinging Strike
0-2: Strikes out swinging
Batting: RHB John Townsend 0-0: Called Strike
0-1: Ball
1-1: Ball
2-1: Foul Ball, location: 2F
2-2: Ball
3-2: Base on Balls
Emílio Gonzáles to second
Batting: SHB Arturo Romero 0-0: Called Strike
0-1: Called Strike
0-2: Reached on Error, E8 (Line Drive, 8RS)
Emílio Gonzáles scores
John Townsend to third
Batting: RHB Jim Unknown 0-0: Called Strike
0-1: Foul Ball, location: 2F
0-2: Ball
1-2: Foul Ball, location: 2F
1-2: Ground out 5-3 (Groundball, 5)
Batting: SHB Jim Unknown 0-0: Foul Ball, location: 2F
0-1: Swinging Strike
0-2: Ball
1-2: Ball
2-2: Ball
3-2: Strikes out swinging
Top of the 2nd over - 1 run(s), 0 hit(s), 1 error(s), 2 left on base; Hogsmeade 1 - Niagara Falls 0
BOTTOM OF THE 2ND
Niagara Falls Expos batting - Pitching for Hogsmeade Cauldrons : LHP Cyrille Bertoletti
Batting: RHB Keith Fish 0-0: Ball
1-0: Foul Ball, location: 2F
1-1: Called Strike
1-2: Strikes out swinging
Batting: RHB Chuck Wolf 0-0: Foul Ball, location: 2F
0-1: Ball
1-1: Ball
2-1: Ball
3-1: SINGLE (Groundball, 34D)
Batting: RHB David Ortega 0-0: Ball
1-0: Foul Ball, location: 2F
1-1: Ball
2-1: Foul Ball, location: 2F
2-2: Foul Ball, location: 2F
2-2: SINGLE (Groundball, 6MD)
Chuck Wolf to second
Chuck Wolf to third
Batting: RHB Carl Bryant 0-0: Ball
David Ortega steals 2nd base
1-0: Called Strike
1-1: DOUBLE (Flyball, 89M)
Chuck Wolf scores
David Ortega scores
Batting: RHB Tony Martínez 0-0: Foul Ball, location: 2F
0-1: Swinging Strike
0-2: Foul Ball, location: 2F
0-2: Ball
1-2: Foul Ball, location: 2F
1-2: Fly out, F8 (Flyball, 8LS)
Batting: RHB Sean MacKnight 0-0: Swinging Strike
0-1: Fly out, F6 (Line Drive, 6)
Bottom of the 2nd over - 2 run(s), 3 hit(s), 0 error(s), 1 left on base; Hogsmeade 1 - Niagara Falls 2
TOP OF THE 3RD
Hogsmeade Cauldrons batting - Pitching for Niagara Falls Expos : RHP Roberto Cantú
Batting: RHB Jay Parker 0-0: Ball
1-0: DOUBLE (Flyball, 8LXD)
Batting: RHB Miguel Torres 0-0: Ball
1-0: Ground out 5-3 (Groundball, 5)
Batting: RHB Raúl Reyna 0-0: Ball
1-0: Called Strike
1-1: Called Strike
1-2: Ball
2-2: Strikes out swinging
Batting: SHB Emílio Gonzáles 0-0: Foul Ball, location: 2F
0-1: Swinging Strike
0-2: Strikes out swinging
Top of the 3rd over - 0 run(s), 1 hit(s), 0 error(s), 1 left on base; Hogsmeade 1 - Niagara Falls 2
BOTTOM OF THE 3RD
Niagara Falls Expos batting - Pitching for Hogsmeade Cauldrons : LHP Cyrille Bertoletti
Batting: RHB Brent Ryan 0-0: Foul Ball, location: 2F
0-1: Foul Ball, location: 2F
0-2: DOUBLE (Flyball, 7D)
Batting: RHB Fred Meyer 0-0: Ball
1-0: Ball
2-0: Ball
3-0: Called Strike
3-1: SINGLE (Groundball, 4MD)
Brent Ryan to third
Batting: SHB Arturo Robles 0-0: Fly out, F7 (Flyball, 78S)
Batting: RHB Keith Fish 0-0: Fly out, F6 (Popup, 5D)
Batting: RHB Chuck Wolf 0-0: Ball
1-0: Called Strike
1-1: Called Strike
1-2: Ball
2-2: Ball
3-2: Strikes out swinging
Bottom of the 3rd over - 0 run(s), 2 hit(s), 0 error(s), 2 left on base; Hogsmeade 1 - Niagara Falls 2
TOP OF THE 4TH
Hogsmeade Cauldrons batting - Pitching for Niagara Falls Expos : RHP Roberto Cantú
Batting: RHB Héctor Cantú 0-0: Called Strike
0-1: Foul Ball, location: 2F
0-2: Ground out 4-3 (Groundball, 4)
Batting: RHB John Townsend 0-0: Ball
1-0: Ground out 6-3 (Groundball, 6S)
Batting: SHB Arturo Romero 0-0: Ball
1-0: Ball
2-0: Called Strike
2-1: Foul Ball, location: 2F
2-2: Strikes out swinging
Top of the 4th over - 0 run(s), 0 hit(s), 0 error(s), 0 left on base; Hogsmeade 1 - Niagara Falls 2
BOTTOM OF THE 4TH
Niagara Falls Expos batting - Pitching for Hogsmeade Cauldrons : LHP Cyrille Bertoletti
Batting: RHB David Ortega 0-0: Fly out, F8 (Flyball, 8RM)
Batting: RHB Carl Bryant 0-0: Swinging Strike
0-1: Fly out, F9 (Flyball, 89M)
Batting: RHB Tony Martínez 0-0: Ball
1-0: Fly out, F6 (Popup, 6)
Bottom of the 4th over - 0 run(s), 0 hit(s), 0 error(s), 0 left on base; Hogsmeade 1 - Niagara Falls 2
TOP OF THE 5TH
Hogsmeade Cauldrons batting - Pitching for Niagara Falls Expos : RHP Roberto Cantú
Batting: RHB Jim Unknown 0-0: Ground out 6-3 (Groundball, 6)
Batting: SHB Jim Unknown 0-0: Ground out 1-3 (Groundball, 13S)
Batting: RHB Jay Parker 0-0: Ball
1-0: Foul Ball, location: 2F
1-1: Reached on error, E6 (Groundball, 6M)
Batting: RHB Miguel Torres 0-0: Ball
1-0: Swinging Strike
1-1: Fly out, F7 (Flyball, 78M)
Top of the 5th over - 0 run(s), 0 hit(s), 1 error(s), 1 left on base; Hogsmeade 1 - Niagara Falls 2
BOTTOM OF THE 5TH
Niagara Falls Expos batting - Pitching for Hogsmeade Cauldrons : LHP Cyrille Bertoletti
Batting: RHB Sean MacKnight 0-0: Ball
1-0: Ball
2-0: Called Strike
2-1: Ball
3-1: Base on Balls
Batting: RHB Brent Ryan 0-0: Ball
1-0: Ball
2-0: Ball
3-0: Called Strike
3-1: Fly out, F4 (Popup, 4MD)
Batting: RHB Fred Meyer 0-0: SINGLE (Groundball, 6MD)
Sean MacKnight to second
Batting: SHB Arturo Robles 0-0: Called Strike
0-1: Foul Ball, location: 2F
0-2: Ball
1-2: Strikes out swinging
Batting: RHB Keith Fish 0-0: Ball
1-0: Ground out 1-3 (Groundball, 15)
Bottom of the 5th over - 0 run(s), 1 hit(s), 0 error(s), 2 left on base; Hogsmeade 1 - Niagara Falls 2
TOP OF THE 6TH
Hogsmeade Cauldrons batting - Pitching for Niagara Falls Expos : RHP Roberto Cantú
Batting: RHB Raúl Reyna 0-0: Called Strike
0-1: Called Strike
0-2: Strikes out swinging
Batting: SHB Emílio Gonzáles 0-0: Swinging Strike
0-1: Ball
1-1: Swinging Strike
1-2: Ball
2-2: Ball
3-2: Foul Ball, location: 2F
3-2: Strikes out looking
Batting: RHB Héctor Cantú 0-0: Called Strike
0-1: Swinging Strike
0-2: SINGLE (Flyball, 9S)
Pitching: LHP Norberto Quintana
Batting: RHB John Townsend 0-0: Fly out, F3 (Popup, 3SF)
Top of the 6th over - 0 run(s), 1 hit(s), 0 error(s), 1 left on base; Hogsmeade 1 - Niagara Falls 2
BOTTOM OF THE 6TH
Niagara Falls Expos batting - Pitching for Hogsmeade Cauldrons : LHP Cyrille Bertoletti
Batting: RHB Chuck Wolf 0-0: Called Strike
0-1: Ball
1-1: Ball
2-1: Ball
3-1: Fly out, F9 (Popup, 89S)
Batting: RHB David Ortega 0-0: Ball
1-0: Ball
2-0: Called Strike
2-1: Foul Ball, location: 2F
2-2: Ball
3-2: Foul Ball, location: 2F
3-2: Foul Ball, location: 2F
3-2: Strikes out looking
Batting: RHB Carl Bryant 0-0: Ball
1-0: Foul Ball, location: 2F
1-1: Swinging Strike
1-2: Strikes out swinging
Bottom of the 6th over - 0 run(s), 0 hit(s), 0 error(s), 0 left on base; Hogsmeade 1 - Niagara Falls 2
TOP OF THE 7TH
Hogsmeade Cauldrons batting - Pitching for Niagara Falls Expos : LHP Norberto Quintana
Batting: SHB Arturo Romero 0-0: Ball
1-0: Called Strike
1-1: Ground out 6-3 (Groundball, 6)
Batting: RHB Jim Unknown 0-0: Foul Ball, location: 2F
0-1: Ball
1-1: Ball
2-1: SOLO HOME RUN (Flyball, 78XD), Distance : 413 ft
Batting: SHB Jim Unknown 0-0: Swinging Strike
0-1: Foul Ball, location: 2F
0-2: Ball
1-2: Strikes out swinging
Batting: RHB Jay Parker 0-0: Ground out 5-3 (Groundball, 5)
Top of the 7th over - 1 run(s), 1 hit(s), 0 error(s), 0 left on base; Hogsmeade 2 - Niagara Falls 2
BOTTOM OF THE 7TH
Niagara Falls Expos batting - Pitching for Hogsmeade Cauldrons : LHP Cyrille Bertoletti
Pinch Hitting: RHB Mariano Ramírez 0-0: Ball
1-0: Called Strike
1-1: Swinging Strike
1-2: Fly out, F9 (Flyball, 9LS)
Batting: RHB Sean MacKnight 0-0: Ball
1-0: Ground out 6-3 (Groundball, 6)
Batting: RHB Brent Ryan 0-0: Ball
1-0: Ball
2-0: Ground out 6-3 (Groundball, 6)
Bottom of the 7th over - 0 run(s), 0 hit(s), 0 error(s), 0 left on base; Hogsmeade 2 - Niagara Falls 2
TOP OF THE 8TH
Hogsmeade Cauldrons batting - Pitching for Niagara Falls Expos : LHP Norberto Quintana
Now at 2B: Jim Unknown
Batting: RHB Miguel Torres 0-0: Ball
1-0: Called Strike
1-1: Ball
2-1: Fly out, F9 (Flyball, 89S)
Batting: RHB Raúl Reyna 0-0: Foul Ball, location: 2F
0-1: Ground out 4-3 (Groundball, 4S)
Batting: SHB Emílio Gonzáles 0-0: Ball
1-0: Ball
2-0: Ball
3-0: Called Strike
3-1: Called Strike
3-2: DOUBLE (Flyball, 8LXD)
Batting: RHB Héctor Cantú 0-0: Ball
1-0: Called Strike
1-1: Swinging Strike
1-2: Ground out 5-3 (Groundball, 5L)
Top of the 8th over - 0 run(s), 1 hit(s), 0 error(s), 1 left on base; Hogsmeade 2 - Niagara Falls 2
BOTTOM OF THE 8TH
Niagara Falls Expos batting - Pitching for Hogsmeade Cauldrons : LHP Cyrille Bertoletti
Batting: RHB Fred Meyer 0-0: Called Strike
0-1: Ball
1-1: Ball
2-1: Swinging Strike
2-2: Ball
3-2: Strikes out swinging
Batting: SHB Arturo Robles 0-0: Ball
1-0: SINGLE (Line Drive, 89M)
Batting: RHB Keith Fish 0-0: Called Strike
0-1: Called Strike
0-2: Ground out 1-3 (Groundball, 15)
Arturo Robles to second
Batting: RHB Chuck Wolf 0-0: Ball
1-0: Foul Ball, location: 2F
1-1: SINGLE (Groundball, 4MD)
Arturo Robles to third
Runner from 3rd tries for Home, SAFE, no throw or cutoff
Batting: RHB David Ortega 0-0: Ball
1-0: Called Strike
1-1: Ball
2-1: Foul Ball, location: 2F
2-2: Strikes out swinging
Bottom of the 8th over - 1 run(s), 2 hit(s), 0 error(s), 1 left on base; Hogsmeade 2 - Niagara Falls 3
TOP OF THE 9TH
Hogsmeade Cauldrons batting - Pitching for Niagara Falls Expos : LHP Norberto Quintana
Pitching: RHP Ramón Molina
Pinch Hitting: LHB Jim Unknown 0-0: Called Strike
0-1: Swinging Strike
0-2: Ball
1-2: Strikes out swinging
Pinch Hitting: LHB Jim Unknown 0-0: SINGLE (Line Drive, 9LS)
Batting: RHB Jim Unknown 0-0: Ball
1-0: Called Strike
1-1: SINGLE (Groundball, 56D)
Jim Unknown to second
Batting: SHB Jim Unknown 0-0: Ball
1-0: Ground out U3 (Groundball, 3S)
Jim Unknown to third
Jim Unknown to second
Batting: RHB Jay Parker 0-0: Ball
1-0: Foul Ball, location: 2F
1-1: Foul Ball, location: 2F
1-2: Ball
2-2: Ball
3-2: Base on Balls
Batting: RHB Miguel Torres 0-0: Called Strike
0-1: Ball
1-1: Ground out 6-3 (Groundball, 6)
Top of the 9th over - 0 run(s), 2 hit(s), 0 error(s), 3 left on base; Hogsmeade 2 - Niagara Falls 3
This league is powered by Out of the Park Baseball, the baseball management simulation game for PC, Mac and Linux
Friday, October 23rd, 2015 - OOTP Baseball 16.9 Build 39